 Dungeon Crawl Stone Soup version 0.23-a0-242-g2b5ca64 (webtiles) character file.

6736 Dfrag the Cleaver (level 10, -10/97 (98) HPs)
             Began as a Deep Dwarf Necromancer on July 15, 2018.
             Was a Priest of Makhleb.
             Mangled by Gastronok (19 damage)
             ... on level 1 of the Lair of Beasts on Sept 28, 2018.
             The game lasted 00:23:43 (8855 turns).

Dfrag the Cleaver (Deep Dwarf Necromancer)          Turns: 8855, Time: 00:23:44

HP:   -10/97 (98)   AC: 10    Str: 12    XL:     10   Next: 75%
MP:   20/20         EV: 11    Int: 23    God:    Makhleb [***...]
Gold: 410           SH:  0    Dex: 13    Spells: 19/23 levels left

rFire    . . .     SeeInvis .   o - +0 battleaxe (vamp)
rCold    . . .     Gourm    .   (shield currently unavailable)
rNeg     . . .     Faith    .   v - +3 leather armour
rPois    +         Spirit   .   t - +0 helmet
rElec    .         Reflect  .   q - +0 cloak
rCorr    .         Harm     .   h - +0 pair of gloves
MR       +....                  k - +0 pair of boots
Stlth    ++........             (no amulet)
HPRegen  0.00/turn              e - +4 ring of intelligence
MPRegen  0.17/turn              r - ring of poison resistance

@: about to teleport, very slightly contaminated, non-regenerating, drained
A: damage resistance, heal wounds, sense surroundings 2, no regeneration
a: Heal Wounds, Minor Destruction, Lesser Servant of Makhleb, Renounce Religion


You were on level 1 of the Lair of Beasts.
You worshipped Makhleb.
Makhleb was most pleased with you.
You were hungry.

You visited 2 branches of the dungeon, and saw 11 of its levels.

You collected 492 gold pieces.
You spent 82 gold pieces at shops.

Inventory:

Hand Weapons
 o - a +0 vampiric battleaxe (weapon)
 u - a +4 scimitar of flaming
 A - a +2 flail of holy wrath
 D - a -1 war axe
Missiles
 f - 6 poisoned tomahawks (quivered)
Armour
 h - a +0 pair of gloves (worn)
 k - a +0 pair of boots (worn)
 q - a +0 cloak (worn)
 t - a +0 helmet (worn)
 v - a +3 leather armour (worn)
 w - a +2 shield of positive energy
Jewellery
 a - a +3 ring of slaying {unknown}
 e - a +4 ring of intelligence (left hand)
 r - a ring of poison resistance (right hand)
 s - an uncursed ring of protection from fire
 y - a +2 ring of strength {unknown}
 K - an uncursed amulet of the gourmand {unknown}
 M - an uncursed ring of protection from magic {unknown}
 N - a +5 ring of strength {unknown}
Wands
 P - a wand of scattershot (5)
Scrolls
 i - a scroll of fog
 j - 2 scrolls of magic mapping
 n - 2 scrolls of remove curse
 z - 2 scrolls of teleportation
 C - 2 scrolls of enchant armour
 F - a scroll of fear {unknown}
 G - a scroll of enchant weapon {unknown}
 I - a scroll of noise {unknown}
 L - a scroll of amnesia {unknown}
Potions
 b - a potion of ambrosia {unknown}
 d - 3 potions of berserk rage {unknown}
 g - a potion of resistance {unknown}
 l - 4 potions of agility {unknown}
 m - a potion of cancellation {unknown}
 p - a potion of degeneration {unknown}
 x - a potion of flight {unknown}
 B - 4 potions of curing {unknown}
 H - 4 potions of lignification {unknown}
 J - 2 potions of heal wounds {unknown}
Miscellaneous
 Q - a crystal ball of energy
Comestibles
 c - 7 rations


   Skills:
 + Level 8.6(7.5) Fighting
 + Level 10.2(9.0) Axes
 - Level 2.1(1.2) Dodging
 - Level 2.4(1.5) Stealth
 - Level 7.0(5.9) Spellcasting
 - Level 7.6(6.6) Necromancy


You had 19 spell levels left.
You knew the following spells:

 Your Spells              Type           Power        Failure   Level  Hunger
a - Pain                  Necr           ####         1%          1    None
b - Vampiric Draining     Necr           #####.....   2%          3    #......

Your spell library contained the following spells:

 Spells                   Type           Power        Failure   Level  Hunger
 Animate Skeleton         Necr           N/A          1%          1    None
 Animate Dead             Necr           N/A          7%          4    ###....
 Regeneration             Chrm/Necr      Unusable     N/A         3    N/A

Dungeon Overview and Level Annotations

Branches:
Dungeon (10/15)            Temple (0/1) D:4            Lair (1/6) D:10
    Orc: D:9-12

Altars:
Elyvilon
Gozag
Hepliaklqana
Kikubaaqudgha
Makhleb
Nemelex Xobeh
Qazlal
Ru
Trog
Vehumet
Xom
Yredelemnul
The Shining One

Shops:
D:5 %   D:6 ?

Annotations:
D:2 2 transporters
D:8 3 runed doors
Lair:1 Gastronok, Urug


Innate Abilities, Weirdness & Mutations

You are resistant to damage.
You can heal yourself by infusing magical energy.
You passively map the area around you.
You do not regenerate.


Message History

Gastronok puts on a burst of speed!
There is an open door here.
You see here a basilisk corpse.
There is an open door here.
Urug throws a javelin.
The javelin hits you!
* * * LOW HITPOINT WARNING * * *
You see here a javelin.
Urug throws a javelin.
The javelin barely misses you.
You see here a javelin.
Blink to where?
Press: ? - help, Dir - move target cursor You are very lightly contaminated with residual magic.
As you read the scroll of blinking, it crumbles to dust.
As you read the scroll of teleportation, it crumbles to dust.
You feel strangely unstable.
Your surroundings suddenly seem different.
Gastronok is no longer moving quickly.
As you read the scroll of teleportation, it crumbles to dust.
You feel strangely unstable. Gastronok bites you!!
You die...

.....((.##P##.###........#
##o#.##.........#........#
#..############..........#
..P. * , ##.........#
....# #P.## #####.#.###
P%...##..P.# ##..#
....P......## ###.##
......!.....# #####...#
[......b....#
#P@w.#'#######
[....$.o....#
##...........#
#..........#,
+....†......# #..........#
#...........# #...........
#...........# #..........#
#...........##
##.....#####
#...........P# ###.....##
######.P'##### #....P...#
###.#


You could see Gastronok.

Vanquished Creatures
  Erica (D:8)
  Psyche (D:8)
  2 spiny frogs (Lair:1)
  A hippogriff (D:10)
  A spriggan (D:7)
  A basilisk (Lair:1)
  Grum (D:8)
  A hungry ghost (D:9)
  Menkaure (D:7)
  A porcupine (Lair:1)
  A water moccasin (D:6)
  Duvessa (D:7)
  An orc warrior (D:10)
  3 sky beasts
  An ice beast (D:7)
  2 black bears (D:9)
  2 necrophages
  3 ogres
  4 wolves (D:8)
  3 crocodiles
  6 bullfrogs
  Dowan (D:7)
  A wyvern skeleton (D:6)
  A scorpion (D:6)
  4 killer bees (D:7)
  11 wights
  4 crimson imps
  A bullfrog zombie (D:8)
  A centaur zombie (D:6)
  2 hounds
  2 jellies
  4 orc priests
  3 orc wizards
  Jessica (D:2)
  4 bullfrog skeletons
  2 iguanas
  Natasha (thrice) (D:4)
  5 worker ants
  2 hound skeletons
  A worker ant zombie (D:10)
  7 gnolls (D:4)
  14 adders
  A shadow imp (D:6)
  3 oozes
  2 adder zombies
  4 worms
  3 dart slugs (D:3)
  2 leopard geckos
  17 orcs
  4 giant cockroaches
  9 goblins
  7 hobgoblins
  15 jackals
  8 kobolds
  2 ball pythons
  10 bats
  5 frilled lizards
  A giant cockroach zombie (D:5)
  A jackal skeleton (D:4)
  2 leopard gecko skeletons
  A quokka skeleton (D:6)
  6 rats
215 creatures vanquished.

Vanquished Creatures (others)
  A hobgoblin (D:2)
  A fungus (Lair:1)
2 creatures vanquished.

Grand Total: 217 creatures vanquished

Notes
Turn   | Place    | Note
-------+----------+-------------------------------------------
     0 | D:1      | Dfrag the Deep Dwarf Necromancer began the quest for the
                  | Orb.
     0 | D:1      | Reached XP level 1. HP: 15/15 MP: 3/3
   246 | D:1      | Reached XP level 2. HP: 19/22 MP: 0/5
   715 | D:1      | Reached XP level 3. HP: 16/28 MP: 0/7
   724 | D:1      | Learned a level 3 spell: Vampiric Draining
   942 | D:2      | Noticed Jessica
   980 | D:2      | Killed Jessica
   980 | D:2      | Reached skill level 5 in Necromancy
  1122 | D:2      | Found a radiant altar of Vehumet.
  1137 | D:2      | Reached XP level 4. HP: 12/36 MP: 0/8
  1346 | D:2      | Found a transporter.
  1346 | D:2      | Noticed a hornet
  1346 | D:2      | Noticed a bullfrog
  1347 | D:2      | Found a sparkling altar of Nemelex Xobeh.
  1348 | D:2      | Found a transporter.
  2139 | D:3      | Reached XP level 5. HP: 31/42 MP: 5/10
  2352 | D:3      | Reached XP level 6. HP: 12/49 MP: 0/12
  2695 | D:3      | Found a faded altar of an unknown god.
  2797 | D:3      | Found a white marble altar of Elyvilon.
  2797 | D:3      | Found an ancient bone altar of Kikubaaqudgha.
  2937 | D:3      | Found a bloodstained altar of Trog.
  2940 | D:3      | Found a sacrificial altar of Ru.
  2943 | D:3      | Found an opulent altar of Gozag.
  3152 | D:4      | Noticed Natasha
  3159 | D:4      | Killed Natasha
  3159 | D:4      | Reached skill level 5 in Spellcasting
  3178 | D:4      | Noticed Natasha
  3205 | D:4      | Killed Natasha
  3276 | D:4      | Reached XP level 7. HP: 41/55 MP: 0/15
  3609 | D:4      | Found a glowing golden altar of the Shining One.
  3708 | D:4      | Noticed Natasha
  3726 | D:4      | Killed Natasha
  3898 | D:4      | Upgraded the game from 0.22-a0-614-g34fbaa0 to
                  | 0.23-a0-242-g2b5ca64
  3969 | D:4      | Found a burning altar of Makhleb.
  3978 | D:4      | Became a worshipper of Makhleb the Destroyer
  4027 | D:4      | Found a staircase to the Ecumenical Temple.
  4101 | D:5      | Entered Level 5 of the Dungeon
  4318 | D:5      | Found a basalt altar of Yredelemnul.
  4511 | D:5      | Found Nesm's Food Emporium.
  4862 | D:6      | Reached XP level 8. HP: 52/61 MP: 15/17
  4991 | D:6      | Reached * piety under Makhleb
  5033 | D:6      | Reached skill level 1 in Axes
  5037 | D:6      | Found Ykujy's Magic Scroll Shoppe.
  5058 | D:6      | Reached skill level 1 in Fighting
  5058 | D:6      | Reached skill level 2 in Axes
  5062 | D:6      | Bought a scroll of blinking for 82 gold pieces
  5063 | D:6      | Identified a scroll of acquirement
  5399 | D:7      | Reached skill level 3 in Axes
  5476 | D:7      | Noticed Menkaure
  5529 | D:7      | Found a stormy altar of Qazlal.
  5529 | D:7      | Found a shimmering altar of Xom.
  5623 | D:7      | Reached skill level 4 in Axes
  5790 | D:7      | Gained mutation: You passively map the area around you.
                  | [Deep Dwarf growth]
  5790 | D:7      | Reached XP level 9. HP: 60/77 MP: 7/19
  5895 | D:7      | Killed Menkaure
  5895 | D:7      | Reached skill level 5 in Axes
  5953 | D:7      | Noticed Duvessa
  5958 | D:7      | Noticed Dowan
  5963 | D:7      | Killed Duvessa
  5972 | D:7      | Killed Dowan
  6394 | D:8      | Noticed Erica
  6404 | D:8      | Killed Erica
  6404 | D:8      | Reached skill level 5 in Fighting
  6404 | D:8      | Reached skill level 7 in Axes
  6503 | D:8      | Reached ** piety under Makhleb
  6514 | D:8      | Found a runed gate.
  6514 | D:8      | Found a runed gate.
  6516 | D:8      | Found a runed gate.
  6519 | D:8      | Noticed Psyche
  6529 | D:8      | Killed Psyche
  6589 | D:8      | Noticed a white ugly thing
  6590 | D:8      | Noticed a white ugly thing
  6723 | D:8      | Found a hazy altar of Hepliaklqana.
  6784 | D:8      | Noticed Grum
  6793 | D:8      | Reached skill level 8 in Axes
  6796 | D:8      | Reached XP level 10. HP: 37/91 MP: 3/20
  6864 | D:8      | Killed Grum
  7179 | D:8      | Noticed a green very ugly thing
  7179 | D:8      | Noticed a red ugly thing
  7361 | D:9      | Paralysed by fainting for 5 turns
  7372 | D:9      | Paralysed by fainting for 6 turns
  7581 | D:9      | Reached skill level 9 in Axes
  7890 | D:10     | Entered Level 10 of the Dungeon
  8260 | D:10     | Found a staircase to the Lair.
  8269 | Lair:1   | Entered Level 1 of the Lair of Beasts
  8436 | Lair:1   | Noticed a spiny frog
  8445 | Lair:1   | Killed a spiny frog
  8488 | Lair:1   | Noticed Urug
  8519 | Lair:1   | HP: 3/96 [Urug/scimitar of distortion (10)]
  8595 | Lair:1   | Noticed a spiny frog
  8601 | Lair:1   | HP: 1/96 [spiny frog (14)]
  8604 | Lair:1   | Killed a spiny frog
  8604 | Lair:1   | Reached *** piety under Makhleb
  8604 | Lair:1   | Reached skill level 10 in Axes
  8730 | Lair:1   | HP: 4/97 [basilisk (7)]
  8807 | Lair:1   | Noticed Gastronok
  8855 | Lair:1   | Mangled by Gastronok

Vault maps used:
D:1:      sevenhm_arrival_forest_fort_small_1, chequers_big_river
D:2:      fiery_altar_vehumet, gammafunk_temple_overflow_arena, uniq_jessica
D:3:      grunt_temple_overflow_diamond, gammafunk_temple_overflow_elements,
          first_ration, chequers_ecumenical_altar_island
D:4:      marbit_many_paths, makhleb_blood_cavern_becter,
          minmay_temple_entry_poolview, uniq_natasha
D:5:      yredelemnul_altar_generic, serial_shops, shop, nicolae_sextant
D:6:      serial_shops, nicolae_shop_stone, hangedman_decor_riveting
D:7:      gammafunk_temple_overflow_pools, hangedman_abyss_or_decor_lesser_grid,
          the_bakery, uniq_duvessa, uniq_menkaure
D:8:      kennysheep_mini, ploomutoo_gammafunk_ghost_potion_laboratory,
          nrook_mini_vaults, minmay_misc_feat_secret_circle, uniq_psyche,
          uniq_erica, uniq_grum
D:10:     lair_entry_dummy
Lair:1:   lemuel_fruit_fields, serial_bayou_shore_b, infiniplex_staircase_pool,
          uniq_gastronok, uniq_urug

Skill      XL: |  1  2  3  4  5  6  7  8  9 10 |
---------------+-------------------------------+-----
Spellcasting   | 2 3 4 5 6 7 |  7.0
Necromancy     | 5 6 7 |  7.6
Axes           | 4 8 10 | 10.2
Fighting       | 3 6 8 |  8.6
Dodging        | |  2.1
Stealth        | |  2.4

Action                   |  1- 3 |  4- 6 |  7- 9 | 10-12 || total
-------------------------+-------+-------+-------+-------++-------
Melee: Unarmed           |    40 |    69 |       |       ||   109
       Flail             |       |    34 |   165 |    30 ||   229
       Scimitar          |       |       |    29 |    22 ||    51
       Battleaxe         |       |       |       |   102 ||   102
Throw: Tomahawk          |       |     1 |       |       ||     1
 Cast: Pain              |    58 |    67 |    35 |    24 ||   184
       Vampiric Draining |     1 |    30 |    67 |    43 ||   141
 Abil: Heal Wounds       |       |     1 |       |       ||     1
Evoke: Wand              |       |     3 |     1 |       ||     4
  Use: Scroll            |       |       |    12 |     4 ||    16
       Potion            |       |       |       |     1 ||     1
 Stab: Sleeping          |       |       |     4 |       ||     4
  Eat: Chunk             |     1 |     8 |    13 |     6 ||    28
       Ration            |       |       |       |     3 ||     3
Armor: Robe              |    39 |     8 |       |       ||    47
       Leather armour    |       |    51 |   129 |   112 ||   292
Dodge: Dodged            |    76 |   114 |   219 |   158 ||   567
       Rpst.: Scimitar   |       |       |    17 |     5 ||    22

Table legend:
 A = Non-vault XP
 B = Vault XP
 C = Vault XP percentage of total XP
 D = Non-vault monster count
 E = Vault monster count
 F = Vault count percentage of total count
                 A         B        C        D         E       F
            +---------+---------+-------+---------+---------+-------
      Total |    6997 |    2626 |  27.3 |     204 |      11 |   5.1
            +---------+---------+-------+---------+---------+-------
        D:1 |      41 |       0 |   0.0 |      24 |       0 |   0.0
        D:2 |      96 |       0 |   0.0 |      25 |       0 |   0.0
        D:3 |     280 |       0 |   0.0 |      30 |       0 |   0.0
        D:4 |     654 |       0 |   0.0 |      28 |       0 |   0.0
        D:5 |     141 |       0 |   0.0 |      10 |       0 |   0.0
        D:6 |     823 |       0 |   0.0 |      17 |       0 |   0.0
        D:7 |     847 |     615 |  42.1 |      14 |       4 |  22.2
        D:8 |     279 |    2011 |  87.8 |      13 |       7 |  35.0
        D:9 |    1415 |       0 |   0.0 |      18 |       0 |   0.0
       D:10 |    1049 |       0 |   0.0 |      17 |       0 |   0.0
     Lair:1 |    1372 |       0 |   0.0 |       8 |       0 |   0.0
            +---------+---------+-------+---------+---------+-------
